 Dungeon Crawl Stone Soup version 0.29.1-15-g9cfb28693d (webtiles) character file.

Game seed: 18224315387173772203

134886 KittyFluff the Peltast (level 17, -13/112 HPs)
             Began as a Gargoyle Berserker on Apr 18, 2023.
             Was a High Priest of Trog.
             Killed from afar by Nikola (46 damage)
             ... with an arc of chain lightning
             ... on level 2 of the Shoals on Apr 20, 2023.
             The game lasted 03:28:01 (39499 turns).

KittyFluff the Peltast (Gargoyle Berserker)        Turns: 39499, Time: 03:28:02

Health: -13/112    AC: 43    Str: 20    XL:     17   Next: 18%
Magic:  5/5        EV: 15    Int:  9    God:    Trog [*****.]
Gold:   1950       SH: 19    Dex: 15    Spells: 16/16 levels left

rFire   . . .      SeeInvis +   V - +7 eveningstar (antimagic)
rCold   . . .      Faith    .   E - +0 kite shield
rNeg    + . .      Spirit   .   D - +4 chain mail {Will+}
rPois   ∞          Reflect  +   A - +2 helmet
rElec   +          Harm     .   X - scarf {repulsion}
rCorr   .          Rampage  .   Y - +2 pair of gloves {Stlth+}
Will    +++..                   I - +2 pair of boots
Stlth   +.........              h - amulet of reflection
HPRegen 0.28/turn               T - +4 ring of evasion
MPRegen 0.09/turn               n - ring of willpower

@: flying, repel missiles
A: sickness immunity, AC +12, big wings, negative energy resistance 1,
electricity resistance, torment resistance 1, petrification resistance,
iridescent scales 1, see invisible, shaggy fur 1, weak 1
a: Renounce Religion, Berserk, Trog's Hand, Brothers in Arms


You were on level 2 of the Shoals.
You worshipped Trog.
Trog was extremely pleased with you.
You visited 5 branches of the dungeon, and saw 26 of its levels.
You also visited: Sewer.

You collected 2875 gold pieces.
You spent 925 gold pieces at shops.

Inventory:

Hand Weapons
 b - the +7 flail of the Invisible Lives {elec, +Blink Fly rF+++ Dex-5}
   (You bought it in a shop on level 5 of the Dungeon)

   It occasionally discharges a powerful burst of electricity upon striking a
   foe.
   Dex:       It affects your dexterity (-5).
   rF:        It renders you almost immune to fire.
   Fly:       It grants you flight.
   +Blink:    It lets you blink.
 p - a +0 demon whip of electrocution
 M - a +0 sling
 V - a +7 antimagic eveningstar (weapon)
Missiles
 c - 16 silver boomerangs
 x - 6 atropa-tipped darts
 y - 24 boomerangs
 L - 39 poisoned darts (quivered)
Armour
 l - the +6 plate armour of Juampoat {rN++ Will++}
   (You took it off an orc warrior on level 13 of the Dungeon)

   rN:        It greatly protects you from negative energy.
   Will:      It greatly increases your willpower.
 m - the +9 plate armour of Konaunt {rC+}
   (You found it on level 2 of the Orcish Mines)

   rC:        It protects you from cold.
 w - the +1 scale mail "Ozec" {-Tele +Inv Will++ Int+2}
   (You bought it in a shop on level 13 of the Dungeon)

   Int:       It affects your intelligence (+2).
   +Inv:      It lets you turn invisible.
   -Tele:     It prevents most forms of teleportation.
   Will:      It greatly increases your willpower.
 A - a +2 helmet (worn)
 D - a +4 chain mail of willpower (worn)
 E - a +0 kite shield (worn)
 F - a +2 chain mail of fire resistance
 I - a +2 pair of boots (worn)
 J - the +2 helmet of Wyhec {Rampage Drain rN+}
   (You found it on level 1 of the Lair of Beasts)

   rN:        It protects you from negative energy.
   Drain:     It drains your maximum health when unequipped.
   Rampage:   It bestows one free step when moving towards enemies.
 N - the +1 chain mail "Lakkieh" {rC+ rN+}
   (You found it on level 11 of the Dungeon)

   rC:        It protects you from cold.
   rN:        It protects you from negative energy.
 Q - a +0 pair of gloves of dexterity
 X - a scarf of repulsion (worn)
 Y - a +2 pair of gloves of stealth (worn)
Jewellery
 e - a ring of ice
 h - an amulet of reflection (around neck)
 n - a ring of willpower (right hand)
 T - a +4 ring of evasion (left hand)
 U - a ring of resist corrosion
Wands
 k - a wand of digging (4)
 q - a wand of iceblast (13)
 z - a wand of flame (33)
 G - a wand of polymorph (10)
 O - a wand of paralysis (13)
 S - a wand of quicksilver (8)
 W - a wand of mindburst (7)
Scrolls
 d - a scroll of brand weapon
 g - 7 scrolls of silence
 i - a scroll of fog
 j - a scroll of summoning
 o - 5 scrolls of blinking
 s - 4 scrolls of teleportation
 u - 6 scrolls of enchant armour
 v - 4 scrolls of poison
 B - 2 scrolls of identify
 H - 3 scrolls of fear
 K - 4 scrolls of magic mapping
Potions
 a - a potion of invisibility
 f - 6 potions of curing
 t - 3 potions of cancellation
 C - a potion of might
 P - 5 potions of attraction
 R - 3 potions of mutation
 Z - 4 potions of haste
Miscellaneous
 r - a phial of floods


   Skills:
 + Level 14.5 Fighting
 + Level 15.8 Maces & Flails
 + Level 0.8 Polearms
 + Level 1.0 Throwing
 * Level 13.5 Armour
 + Level 9.5 Dodging
 + Level 4.2 Stealth
 + Level 17.4 Shields
 + Level 0.2 Unarmed Combat
 + Level 1.8 Evocations


You had 16 spell levels left.
You didn't know any spells.
Your spell library was empty.

Dungeon Overview and Level Annotations

Branches:
Dungeon (15/15)            Temple (0/1) D:6            Lair (5/5) D:10
 Shoals (2/4) Lair:3       Spider (2/4) Lair:2        Slime (0/5) Lair:5
    Orc (2/2) D:12            Elf (0/3) Orc:2        Vaults (0/5) D:13
 Depths (0/4) D:15          Sewer (visited)

Altars:
Ashenzari
Dithmenos
Elyvilon
Fedhas
Gozag
Kikubaaqudgha
Qazlal
Ru
Trog
Vehumet
Yredelemnul
Zin
The Shining One
Jiyva

Shops:
D:1 !   D:5 (   D:13 [   Orc:2 (?:[

Portals:
Trove: D:10 (give horn of Geryon)

Annotations:
Shoals:2 Nikola


Innate Abilities, Weirdness & Mutations

You are immune to sickness and miasma.
Your stone body is resilient. (AC +12)
You are immune to poison.
Your large and strong wings let you fly.
You resist negative energy. (rN+)
You are resistant to electric shocks. (rElec)
You are resistant to unholy torment.
You are immune to petrification.
You are partially covered in iridescent scales. (AC +2)
You have supernaturally acute eyesight. (SInv)
You are covered in fur. (AC +1)
You are weak. (Str -2)


Message History

Aim: Nikola, wielding a +3 rapier of electrocution, wearing a +2 cloak of stealth and wearing a +0 pair of gloves (69% to hit)
You throw a poisoned dart. The poisoned dart hits Nikola.
Nikola is poisoned.
You hear a splash.
Throw: 40 darts (poison)
Press: ? - help, Q - select action, (/) - cycle Shift-Dir - straight line, f/p - Nikola
Aim: Nikola, wielding a +3 rapier of electrocution, wearing a +2 cloak of stealth and wearing a +0 pair of gloves (poisoned, 69% to hit)
You throw a poisoned dart.
The poisoned dart closely misses Nikola.
You hear a splash.
Nikola gestures wildly while chanting.
Lightning arcs from Nikola's hands!
The bolt of lightning hits you! You resist.
You hear a shout! x2
Nikola raves, "Can you feel it? Can you feel it?
CAN YOU FEEL IT?"
Nikola gestures wildly while chanting.
Nikola blinks!
You see here a poisoned dart.
Nikola points at you and mumbles some strange words.
The bolt of lightning hits you! You resist.
Nikola looks more healthy.
Nikola mumbles some strange words.
Nikola blinks!
Nikola asks, "Are you insulated?"
Nikola mumbles some strange words.
Lightning arcs from Nikola's hands!
The bolt of lightning hits you!! You resist.
You hear a shout! x2
Nikola gestures wildly while chanting.
Nikola blinks!
Nikola mumbles, "Hm, I wonder if you're conductive."
Nikola hits you with a +3 rapier of electrocution.
* * * LOW HITPOINT WARNING * * *
You puncture Nikola!
Nikola's magic leaks into the air.
Nikola is lightly wounded.
Nikola's magic is no longer disrupted.
You puncture Nikola!
Nikola's magic leaks into the air.
Nikola is lightly wounded.
Nikola mumbles some strange words.
Lightning arcs from Nikola's hands!
The bolt of lightning hits you!!! You resist.
You die...

~...###.###
~~~..........~≈≈~..~~.
~~~~.........~≈~..... ..
.~~~~~.......~......# ...
~.~~~~.~~~~..~......##...
~~~~~..~...~~~~............
~~~~~......~≈≈≈≈~....##.~~.~~≈≈
~~~~..........~≈≈@....#.≈≈~.~~≈
~~~.............@~~.##.~≈~~~.~≈
~............((~~...##..~~~~~~~
~~.........≈≈≈.~≈~......~..~~~~
~~~~.).....≈≈≈≈~≈≈.....~≈..~~~~
~~~~.....~~≈≈≈≈≈≈≈≈....~≈~~~~~~
≈~~~..#..~..(≈≈≈≈≈~....~≈~~~≈~~
≈~~..###.~≈~..≈≈≈~...##.~~~≈≈~~
~~~..# #..~≈≈..≈≈~....#...~≈~~~
~~~..###..~≈≈...≈≈≈......~~~~~~


You could see Nikola (magic disrupted).

Vanquished Creatures
  Rupert (D:12)
  Frances (Shoals:1)
  A balrug (Orc:1)
  2 orc warlords (Orc:1)
  Nessos (D:13)
  Azrael (D:15)
  3 entropy weavers (D:12)
  Snorg (D:12)
  The ghost of Ined the Severer, a journeyman MiBe of Trog (D:13)
  An ettin (D:15)
  2 merfolk impalers
  Erolcha (Orc:2)
  11 hydras
  The ghost of Suk Xiy the Grappler, a journeyman DrTm of Yredelemnul (Lair:2)
  A vault guard (D:13)
  3 ogre magi
  A boulder beetle (D:15)
  3 ghost crabs (D:12)
  A catoblepas (Lair:2)
  6 centaur warriors
  A death knight (D:14)
  11 two-headed ogres
  3 tengu warriors
  Nergalle (D:11)
  A hell knight (D:15)
  An iron troll (D:13)
  4 fire crabs (D:12)
  10 skeletal warriors
  A fire crab (shapeshifter) (D:15)
  4 sea snakes
  2 deep trolls (D:15)
  5 harpies
  A wizard (D:15)
  Pikel (D:8)
  3 orc knights
  A lindwurm (D:13)
  2 wolf spiders (Spider:2)
  A necromancer (D:15)
  6 manticores
  10 orc sorcerers
  2 ugly things
  5 elephants (Lair:5)
  A cyclops (D:15)
  Joseph (D:9)
  5 black mambas
  An apocalypse crab (D:12)
  17 cane toads
  A gargoyle (D:12)
  A torpor snail (Lair:2)
  An unseen horror (D:11)
  3 demonic crawlers
  6 rime drakes
  5 komodo dragons
  A freezing wraith (D:15)
  An efreet (D:13)
  A tengu conjurer (D:15)
  11 trolls
  3 wind drakes
  6 meliai (D:15)
  2 hornets
  3 merfolk (Shoals:1)
  3 tarantellas
  4 polar bears
  9 slime creatures
  35 blink frogs
  10 dream sheep
  2 jumping spiders (Spider:1)
  3 snapping turtles
  2 wraiths
  Sigmund (D:4)
  2 culicivoras (Spider:2)
  A jumping spider (shapeshifter) (D:15)
  81 yaks
  A vampire (D:10)
  9 wyverns
  2 fire elementals (D:15)
  Eustachio (D:4)
  4 humans (D:7)
  4 steam dragons
  4 basilisks
  A human (shapeshifter) (D:14)
  32 redbacks
  2 vampire mosquitoes (D:12)
  Edmund (D:4)
  7 wargs
  2 acid dragons
  14 water moccasins
  6 hell hounds (D:15)
  Duvessa (D:6)
  30 orc warriors
  An ice beast (D:7)
  5 black bears
  22 ogres
  16 centaurs
  14 wolves
  A lemure (D:8)
  A phantom (D:6)
  10 bullfrogs
  6 kobold brigands
  3 gnoll sergeants
  3 necrophages
  2 scorpions
  9 wights
  Dowan (D:6)
  19 killer bees
  3 howler monkeys
  An electric eel (D:14)
  21 orc priests
  A hound (D:4)
  9 jellies
  A gnoll bouda (Lair:4)
  Terence (D:3)
  2 iguanas (D:4)
  44 orc wizards
  2 merfolk sirens
  3 merfolk avatars
  12 gnolls
  9 adders
  2 river rats (Sewer)
  A white imp (D:8)
  An ufetubus (D:5)
  A worm (D:4)
  3 dart slugs
  75 orcs
  6 ball pythons
  8 endoplasms
  8 giant cockroaches
  5 goblins
  3 hobgoblins
  4 jackals (D:5)
  4 quokkas
  4 bats
  8 frilled lizards
  39 kobolds
  32 rats
889 creatures vanquished.

Vanquished Creatures (collateral kills)
  An entropy weaver (D:12)
  A tengu warrior (D:13)
  A fire crab (D:12)
3 creatures vanquished.

Vanquished Creatures (others)
  A bush (Lair:1)
  54 fungi
  129 plants
184 creatures vanquished.

Grand Total: 1076 creatures vanquished

Notes
Turn   | Place    | Note
-------+----------+-------------------------------------------
     0 | D:1      | KittyFluff the Gargoyle Berserker began the quest for the
                  | Orb.
     0 | D:1      | Reached XP level 1. HP: 14/14 MP: 1/1
   267 | D:1      | Found Xabbipt's Distillery.
   418 | D:1      | Reached XP level 2. HP: 17/19 MP: 2/2
   481 | D:1      | Found a faded altar of an unknown god.
  1114 | D:2      | Reached XP level 3. HP: 17/23 MP: 3/3
  1749 | D:3      | Reached ** piety under Trog
  1750 | D:3      | Reached XP level 4. HP: 21/29 MP: 4/4
  1886 | D:3      | Found a blossoming altar of Fedhas.
  2169 | D:3      | Identified the +7 spear of Ankuzob {venom, Str+2 Dex+5}
  2175 | D:3      | Reached skill level 1 in Stealth
  2506 | D:3      | Found a basalt altar of Yredelemnul.
  2806 | D:3      | Noticed Terence
  2821 | D:3      | Killed Terence
  3335 | D:4      | Noticed Eustachio
  3347 | D:4      | Reached XP level 5. HP: 27/33 MP: 5/5
  3394 | D:4      | Killed Eustachio
  3395 | D:4      | Reached XP level 6. HP: 7/39 MP: 6/6
  3528 | D:4      | Noticed Edmund
  3540 | D:4      | Killed Edmund
  3541 | D:4      | Reached skill level 5 in Maces & Flails
  3642 | D:4      | Found a glowing drain.
  3672 | D:4      | Reached XP level 7. HP: 32/44 MP: 7/7
  3684 | Sewer    | Entered a sewer
  4209 | Sewer    | Reached *** piety under Trog
  4570 | D:4      | Noticed Sigmund
  4582 | D:4      | Killed Sigmund
  4583 | D:4      | Reached skill level 5 in Fighting
  5026 | D:4      | Reached skill level 5 in Armour
  5026 | D:4      | Reached XP level 8. HP: 35/49 MP: 8/8
  5246 | D:5      | Entered Level 5 of the Dungeon
  5423 | D:5      | HP: 3/73 [orc/+0 whip (3)]
  5783 | D:5      | Found Aconga's Antique Weapon Emporium.
  5804 | D:5      | HP: 1/50 [gnoll/+0 spear[a gnoll sergeant] (6)]
  6167 | D:5      | Bought a steaming flail for 212 gold pieces
  6167 | D:5      | Identified the +7 flail of the Invisible Lives {elec,
                  | +Blink Fly rF+++ Dex-5} (You bought it in a shop on level 5
                  | of the Dungeon)
  6215 | D:5      | Reached **** piety under Trog
  6602 | D:6      | Noticed a yak
  6602 | D:6      | Noticed a yak
  6602 | D:6      | Noticed a yak
  6603 | D:6      | Noticed a yak
  6603 | D:6      | Noticed a yak
  6626 | D:6      | Noticed a yak
  6633 | D:5      | Killed a yak
  6634 | D:5      | Reached XP level 9. HP: 21/55 MP: 9/9
  7599 | D:6      | Found a sacrificial altar of Ru.
  7680 | D:6      | Found an opulent altar of Gozag.
  7741 | D:6      | Found a shadowy altar of Dithmenos.
  7848 | D:6      | Found a staircase to the Ecumenical Temple.
  7870 | D:6      | Reached skill level 1 in Evocations
  7910 | D:6      | Found a white marble altar of Elyvilon.
  7910 | D:6      | Noticed a two-headed ogre
  7920 | D:6      | Killed a two-headed ogre
  7921 | D:6      | Reached XP level 10. HP: 53/63 MP: 10/10
  8381 | D:6      | Noticed Duvessa
  8388 | D:6      | Killed Duvessa
  8418 | D:6      | Noticed Dowan
  8433 | D:6      | Killed Dowan
  8434 | D:6      | Reached skill level 1 in Shields
  9053 | D:7      | Found a glowing silver altar of Zin.
  9053 | D:7      | Found a glowing golden altar of the Shining One.
  9053 | D:7      | Found a white marble altar of Elyvilon.
  9279 | D:7      | Reached skill level 2 in Shields
  9400 | D:7      | Reached skill level 3 in Shields
  9403 | D:7      | Reached ***** piety under Trog
  9919 | D:8      | Reached skill level 10 in Maces & Flails
  9955 | D:8      | Identified the +4 long sword "Poatenega" {venom, rF+ Str+4
                  | Int+2}
 10104 | D:8      | Reached skill level 4 in Shields
 10296 | D:8      | Noticed Pikel
 10313 | D:8      | Killed Pikel
 10314 | D:8      | Reached skill level 5 in Dodging
 10314 | D:8      | Reached XP level 11. HP: 52/68 MP: 11/11
 10317 | D:8      | Found a broken altar of Ashenzari.
 10535 | D:9      | Found a stormy altar of Qazlal.
 10574 | D:9      | Identified the +8 glaive "Malimag" {vorpal, Dex+2} (Trog
                  | gifted it to you on level 9 of the Dungeon)
 10574 | D:9      | Received a gift from Trog
 10718 | D:9      | HP: 2/69 [orc wizard/magic dart (6)]
 11041 | D:9      | Reached skill level 5 in Shields
 11362 | D:9      | Noticed Grum
 11857 | D:9      | Noticed Grum
 11857 | D:9      | Grum changed into Grum the jelly
 11861 | D:9      | Killed Grum the jelly
 12121 | D:9      | Noticed Joseph
 12150 | D:9      | Killed Joseph
 12693 | D:10     | Entered Level 10 of the Dungeon
 12741 | D:10     | Found a portal to a secret trove of treasure.
 12822 | D:10     | Found a staircase to the Lair.
 13076 | D:10     | Found a bloodstained altar of Trog.
 13422 | D:10     | Reached skill level 6 in Shields
 13521 | Lair:1   | Entered Level 1 of the Lair of Beasts
 13561 | Lair:1   | Noticed a five-headed hydra
 13570 | Lair:1   | Killed a five-headed hydra
 13621 | Lair:1   | Reached XP level 12. HP: 21/76 MP: 12/12
 13894 | Lair:1   | Reached skill level 7 in Shields
 14281 | Lair:1   | Identified the +2 helmet of Wyhec {Rampage Drain rN+}
 14527 | Lair:1   | Reached skill level 10 in Fighting
 15298 | Lair:2   | Found a runed translucent gate.
 15298 | Lair:2   | Found a runed translucent gate.
 15298 | Lair:2   | Found a runed translucent gate.
 15386 | Lair:2   | Reached skill level 8 in Shields
 15970 | Lair:2   | Found a hole to the Spider Nest.
 16059 | Lair:2   | Noticed Suk Xiy's ghost (journeyman DrTm)
 16108 | Lair:2   | Noticed a four-headed hydra
 16118 | Lair:2   | Killed a four-headed hydra
 16126 | Lair:2   | Noticed a catoblepas
 16149 | Lair:2   | Killed a catoblepas
 16149 | Lair:2   | Received a gift from Trog
 16150 | Lair:2   | Reached skill level 9 in Shields
 16247 | Lair:2   | Reached XP level 13. HP: 78/84 MP: 13/13
 16499 | Lair:2   | Found a viscous altar of Jiyva.
 16958 | Lair:2   | Killed Suk Xiy's ghost
 17830 | Lair:3   | Found a staircase to the Shoals.
 18480 | Lair:4   | Reached skill level 10 in Shields
 19125 | Lair:4   | You are sucked into a shaft and drop 1 floor!
 19125 | Lair:5   | Entered Level 5 of the Lair of Beasts
 19551 | Lair:4   | Received a gift from Trog
 19595 | Lair:4   | Reached skill level 11 in Shields
 20340 | Lair:4   | Reached skill level 10 in Armour
 20506 | Lair:4   | Gained mutation: Your large and strong wings let you fly.
                  | [Gargoyle growth]
 20506 | Lair:4   | Reached XP level 14. HP: 75/92 MP: 14/14
 21074 | Lair:5   | Reached skill level 12 in Shields
 22234 | Lair:5   | Found a staircase to the Slime Pits.
 22235 | Lair:5   | Found a viscous altar of Jiyva.
 22647 | Lair:5   | Received a gift from Trog
 23018 | Lair:5   | Reached skill level 13 in Shields
 23470 | D:11     | Found an ancient bone altar of Kikubaaqudgha.
 23591 | D:11     | Noticed Nergalle
 23969 | D:11     | Killed Nergalle
 24594 | D:11     | Identified the +1 chain mail "Lakkieh" {rC+ rN+}
 24846 | D:12     | Reached skill level 14 in Shields
 24891 | D:12     | Noticed Rupert
 24906 | D:12     | Paralysed by Rupert for 5 turns
 24911 | D:12     | HP: 4/94 [Rupert/+5 great mace of draining (13)]
 24948 | D:13     | Reached XP level 15. HP: 43/98 MP: 15/15
 24953 | D:13     | HP: 1/98 [skeletal warrior/+2 trident of freezing (7)]
 24957 | D:12     | Paralysed by Rupert for 4 turns
 24970 | D:12     | Killed Rupert
 25422 | D:12     | Found a staircase to the Orcish Mines.
 25801 | D:12     | Noticed Snorg
 25825 | D:12     | Killed Snorg
 26220 | D:12     | Found a runed translucent door.
 27483 | D:13     | Noticed Nessos
 27496 | D:13     | Killed Nessos
 27681 | D:13     | Received a gift from Trog
 28296 | D:13     | Found Ekuygeump's Antique Armour Boutique.
 28328 | D:13     | Bought a shiny helmet for 165 gold pieces
 28328 | D:13     | Bought a jewelled scale mail for 198 gold pieces
 28328 | D:13     | Identified the +1 scale mail "Ozec" {-Tele +Inv Will++
                  | Int+2} (You bought it in a shop on level 13 of the Dungeon)
 28399 | D:13     | Reached skill level 1 in Throwing
 28585 | D:13     | Found a gate to the Vaults.
 28703 | D:13     | Reached skill level 15 in Shields
 28739 | D:13     | Gained mutation: You are covered in fur. (AC +1) [potion of
                  | mutation]
 28739 | D:13     | Gained mutation: You are weak. (Str -2) [potion of
                  | mutation]
 28739 | D:13     | Gained mutation: You have supernaturally acute eyesight.
                  | (SInv) [potion of mutation]
 28739 | D:13     | Gained mutation: You are partially covered in iridescent
                  | scales. (AC +2) [potion of mutation]
 28762 | D:13     | Found a runed translucent gate.
 28763 | D:13     | Found a runed translucent gate.
 28763 | D:13     | Identified the +6 plate armour of Juampoat {rN++ Will++}
 28764 | D:13     | Noticed Ined's ghost (journeyman MiBe)
 28764 | D:13     | Found a runed translucent gate.
 28827 | D:13     | Killed Ined's ghost
 28929 | D:13     | Identified the +1 scale mail of Defence {Fly}
 30688 | D:14     | Received a gift from Trog
 30934 | D:15     | Entered Level 15 of the Dungeon
 31117 | D:15     | Reached skill level 15 in Maces & Flails
 31128 | D:15     | Reached XP level 16. HP: 104/104 MP: 16/16
 31779 | D:15     | Reached skill level 16 in Shields
 32240 | D:15     | Noticed Azrael
 32299 | D:15     | Killed Azrael
 32976 | D:15     | Found a staircase to the Depths.
 33163 | Orc:1    | Entered Level 1 of the Orcish Mines
 33661 | Orc:1    | Received a gift from Trog
 33945 | Orc:2    | Entered Level 2 of the Orcish Mines
 34063 | Orc:2    | Found a staircase to the Elven Halls.
 34202 | Orc:1    | Found a bloodstained altar of Trog.
 34336 | Orc:1    | Found a runed translucent door.
 34712 | Orc:1    | Received a gift from Trog
 35295 | Orc:2    | Identified the +7 mace of the First Persimmons {pain,
                  | *Noise Fragile rElec Will+++}
 35308 | Orc:2    | Identified the ring of Naxiluho {rN+ Int+5}
 35345 | Orc:2    | Identified the +9 plate armour of Konaunt {rC+}
 35733 | Orc:2    | Found Orphigade's Antique Weapon Boutique.
 35759 | Orc:2    | Found a radiant altar of Vehumet.
 35759 | Orc:2    | Noticed Erolcha
 36114 | Orc:2    | Killed Erolcha
 36296 | Orc:2    | Found Egediny's Magic Scroll Shop.
 36601 | Orc:2    | Found an ancient bone altar of Kikubaaqudgha.
 36623 | Orc:2    | Found Lyunnege's Book Shop.
 36665 | Orc:2    | Received a gift from Trog
 36681 | Orc:2    | Reached skill level 17 in Shields
 36684 | Orc:2    | Found Tulac's Antique Armour Boutique.
 36933 | Orc:2    | Bought a scroll of fog for 56 gold pieces
 36933 | Orc:2    | Bought a scroll of teleportation for 42 gold pieces
 37335 | D:1      | Bought a potion of haste for 140 gold pieces
 37335 | D:1      | Bought a potion of cancellation for 112 gold pieces
 37592 | Spider:1 | Entered Level 1 of the Spider Nest
 37607 | Spider:1 | You are sucked into a shaft and drop 1 floor!
 38151 | Spider:1 | Identified the +4 leather armour of the Disturbing Knives
                  | {rF+ rC+ Int+3 Dex+3}
 38198 | Spider:1 | Reached XP level 17. HP: 37/112 MP: 5/17
 38590 | Shoals:1 | Entered Level 1 of the Shoals
 38853 | Shoals:1 | Noticed Frances
 38887 | Shoals:1 | Killed Frances
 39473 | Shoals:2 | Noticed Nikola
 39499 | Shoals:2 | Killed from afar by Nikola

Illustrated notes

Levels and vault maps discovered:
D:1:      dpeg_arrival_three_same_balls, layout_basic,
          shapermc_ecumenical_altar_rom_forum, serial_shops,
          nicolae_shop_behind_doors
D:2:      layout_rooms
D:3:      layout_basic, amcnicky_altar_gilded, mainiacjoe_overflow_tiny_flanked,
          uniq_terence
D:4:      layout_basic, gup_sewer_entry_glass, uniq_sigmund, uniq_eustachio,
          uniq_edmund
D:5:      layout_basic, serial_shops, shop, kennysheep_pointless_box,
          kennysheep_dice
D:6:      layout_basic, nicolae_dithmenos_through_a_glass_darkly,
          nicolae_ru_great_annihilating_truth, minmay_temple_entry_arrows,
          serial_aquarium, aquarium_bridge_long_separate
          [aquarium_subvault_wall, aquarium_subvault_bridge,
          aquarium_subvault_wall, aquarium_subvault_bridge,
          aquarium_subvault_window, aquarium_subvault_wall],
          aquarium_window_corridor_2, aquarium_window_1, aquarium_window_2,
          aquarium_view_2c, aquarium_view_2a, hangedman_feature_mirror,
          uniq_duvessa
D:7:      layout_cave_pods, dreamdust_divine_triumvirate, minmay_ruffians
D:8:      layout_gridville, mainiacjoe_overflow_24_doors,
          amcnicky_mini_pool_small, uniq_pikel
D:9:      layout_irregular_city, nicolae_qazlal_eye_of_the_storm, uniq_joseph,
          uniq_grum
D:10:     layout_roguey, trog_ov_bears_minmay, david_lair_generic,
          nicolae_trove_entry_crossroad
D:11:     lemuel_troll_bridge, layout_rooms, hangedman_abyss_or_decor_clamps,
          nicolae_kikubaaqudgha_miasma_corner, uniq_nergalle
D:12:     gammafunk_mikee_crab_dinner, layout_basic, david_orc_3,
          grunt_ministairs_4, chequers_serial_rivers_small_3, uniq_rupert,
          uniq_snorg
D:13:     layout_basic, david_vaults_4, serial_shops, nicolae_shop_crystal,
          biasface_ghost_orc_armoury, drop_trap, minmay_unpleasant_kobolds,
          uniq_nessos
D:14:     layout_small_grid, nicolae_lava_and_water
D:15:     hangedman_depths_entry_civil_slaughter, layout_irregular_city,
          serial_bayou_pond_c, uniq_azrael
Lair:1:   layout_roguey
Lair:2:   layout_chaotic_city, dummy_spider_entry, gammafunk_ghost_ooze,
          grunt_forest_small_clearing_treed
Lair:3:   layout_cave_pods, elwin_shoals_entry_rocks, grunt_megastairs_1
Lair:4:   cheibrodos_lair_overgrown_chateau, layout_long_grid,
          hibernation_bobbens
Lair:5:   gammafunk_lair_ancient_temple, layout_loops_ring,
          nicolae_slime_entry_slimehenge, minivault_27, wad_woods_road_06,
          dreamdust_gnoll_shepherd
Shoals:1: layout_shoals, uniq_frances
Shoals:2: layout_shoals, uniq_ilsuiw, uniq_donald, uniq_nikola
Spider:1: layout_spider_delve
Spider:2: layout_spider_delve
Orc:1:    dreamdust_dug_too_deep, layout_diamond_mine, basic_altar
Orc:2:    kennysheep_orc_mage_school, layout_diamond_mine, minmay_orc_treasury

Skill      XL: |  1  2  3  4  5  6  7  8  9 10 11 12 13 14 15 16 |
---------------+-------------------------------------------------+-----
Armour         | 3 4 5 6 8 9 10 11 13 | 13.5
Stealth        | 1 2 3 4 |  4.2
Dodging        | 2 3 4 5 6 7 8 9 |  9.5
Fighting       | 4 5 6 7 8 9 11 12 13 14 | 14.5
Maces & Flails | 4 5 6 7 9 10 11 13 14 15 | 15.8
Evocations     | 1 |  1.8
Shields        | 4 6 9 11 14 15 17 | 17.4
Throwing       | 1 |  1.0
Polearms       | |  0.8
Unarmed Combat | |  0.2

Action                   |  1- 3 |  4- 6 |  7- 9 | 10-12 | 13-15 | 16-18 || total
-------------------------+-------+-------+-------+-------+-------+-------++-------
Melee: Mace              |   130 |   109 |    70 |       |       |       ||   309
       Punch             |     1 |       |     5 |       |       |       ||     6
       Flail             |       |       |   296 |   749 |  1556 |   682 ||  3283
       Spear             |       |       |    13 |       |       |       ||    13
       Unarmed           |       |       |       |     9 |       |       ||     9
       Eveningstar       |       |       |       |       |       |   356 ||   356
       Demon whip        |       |       |       |       |       |    60 ||    60
Throw: Dart              |       |       |       |    12 |     5 |     7 ||    24
Invok: Berserk           |       |     2 |     3 |     1 |     5 |     1 ||    12
       Brothers in Arms  |       |       |       |       |     2 |       ||     2
 Abil: Evoke Blink       |       |       |     1 |     1 |     7 |     1 ||    10
Evoke: Wand              |       |       |     2 |     3 |     2 |       ||     7
       Phial of floods   |       |       |       |       |     1 |       ||     1
  Use: Scroll            |       |     4 |     4 |     5 |    17 |    10 ||    40
       Potion            |       |       |     1 |     1 |     9 |     6 ||    17
 Stab: Sleeping          |       |       |     3 |     1 |       |     1 ||     5
       Paralysed         |       |       |       |     1 |       |       ||     1
       Invisible         |       |       |       |       |       |     2 ||     2
Armor: Animal skin       |    53 |     8 |       |       |       |       ||    61
       Leather armour    |       |    42 |    36 |       |       |       ||    78
       Robe              |       |       |    51 |       |       |       ||    51
       Ring mail         |       |       |    52 |   358 |   551 |   137 ||  1098
       Skin              |       |       |       |     2 |       |       ||     2
       Chain mail        |       |       |       |       |   100 |   256 ||   356
       Acid dragon scale |       |       |       |       |    35 |       ||    35
Dodge: Dodged            |   106 |    91 |   242 |   315 |   564 |   526 ||  1844
       Repelled          |       |       |       |       |     7 |     8 ||    15
Block: Kite shield       |       |       |    10 |   331 |  1009 |   983 ||  2333
       Reflection        |       |       |       |       |    50 |    12 ||    62
